 Dungeon Crawl Stone Soup version 0.19.5 (webtiles) character file.

356 galech the Skirmisher (level 6, -5/67 HPs)
             Began as an Ogre Fighter on Mar 1, 2017.
             Killed by divine providence
             ... invoked by an orc priest
              (15 damage)
             ... on level 5 of the Dungeon.
             The game lasted 00:08:27 (4262 turns).

galech the Skirmisher (Ogre Fighter)                Turns: 4262, Time: 00:08:28

Health: -5/67      AC:  3    Str: 24    XL:     6   Next: 63%
Magic:  6/6        EV:  9    Int:  7    God:
Gold:   230        SH:  9    Dex:  9    Spells: 0 memorised, 5 levels left

rFire  . . .     SeeInvis .     s - +0 flail (drain)
rCold  . . .     Gourm    +     b - +0 robe
rNeg   + . .     Faith    .     c - +0 shield
rPois  .         Spirit   .     (helmet restricted)
rElec  .         Reflect  .     (no cloak)
rCorr  .         Harm     .     (gloves unavailable)
MR     .....                    (boots unavailable)
Stlth  ..........               o - amulet of the gourmand
                                j - ring of positive energy
                                e - ring of loudness (curse)

@: no status effects
A: unfitting armour, tough skin 1
a: no special abilities


You were on level 5 of the Dungeon.
You were very full.

You visited 1 branch of the dungeon, and saw 5 of its levels.

You collected 230 gold pieces.

Inventory:

Hand Weapons
 a - a +0 flail
 s - a +0 flail of draining (weapon)
Armour
 b - a +0 robe (worn)
 c - a +0 shield (worn)
Jewellery
 e - a cursed ring of loudness (left hand)
 j - a ring of positive energy (right hand)
 o - an amulet of the gourmand (around neck)
Wands
 p - a wand of slowing (28/48)
Scrolls
 i - 2 scrolls of remove curse
 m - 7 scrolls of identify
 t - a scroll of immolation
 u - a scroll of teleportation {unknown}
 w - a scroll of enchant weapon {unknown}
Potions
 d - 2 potions of might
 g - 3 potions of lignification
 h - a potion of degeneration
 l - 5 potions of curing
 r - a potion of brilliance
Comestibles
 f - 5 bread rations
 k - 2 chunks of flesh
 n - 2 beef jerkies
 q - 2 meat rations
 v - 4 fruits


   Skills:
 + Level 5.9 Fighting
 + Level 5.7 Maces & Flails
 + Level 4.0 Dodging
 + Level 0.5 Stealth
 + Level 3.3 Shields


You had 5 spell levels left.
You didn't know any spells.

Dungeon Overview and Level Annotations

Branches:
Dungeon (5/15)
 Temple: D:4-7

Altars:
Kikubaaqudgha
Xom

Annotations:
D:5 galech's ghost, amateur OgFi


Innate Abilities, Weirdness & Mutations

You are too large for most types of armour.
You have tough skin. (AC +1)


Message History

Found a leather armour.
You see here a buckler.
The orc hits you with a short sword!
* * * LOW HITPOINT WARNING * * *
Galech's ghost closely misses you.
An orc comes into view. It is wielding a flail.
There is an open door here.
You block the scorpion's attack.
There is a stone staircase leading up here.
An orc priest comes into view. It is wielding a hand axe.
The orc priest shouts!
The orc barely misses you.
The orc priest mumbles some strange prayers to Beogh against you.
Pain shoots through your body!
* * * LOW HITPOINT WARNING * * *
The orc barely misses you.
Found a leather armour.
The orc priest calls down the wrath of Beogh upon you.
Beogh smites you!
You die...

.....#...'........#
....[..#'#........####'#
#######...<.............
#....(............
#.................
#........o........
#.......Wo......[.
#.....o.so........
...##'######@######
....#.. +......... ...
#.. #......... .. #..
#......... ###
##..##...# #..# ...#
+... ... #... ..


You could see a scorpion, an orc priest, galech's ghost and 3 orcs.

Vanquished Creatures
  A hound (D:4)
  2 jellies (D:4)
  An orc wizard (D:5)
  2 worker ants (D:4)
  5 adders
  4 gnolls
  2 oozes (D:2)
  A worm (D:2)
  2 dart slugs (D:1)
  3 leopard geckos
  3 orcs
  4 ball pythons
  6 bats
  2 giant cockroaches (D:3)
  3 goblins
  6 hobgoblins
  An iguana (D:4)
  2 jackals (D:3)
  6 kobolds
  2 quokkas
  2 frilled lizards
  A quokka zombie (D:5)
  2 rats
63 creatures vanquished.

Vanquished Creatures (others)
  A human (D:2)
  2 orc wizards (D:4)
3 creatures vanquished.

Grand Total: 66 creatures vanquished

Notes
Turn   | Place    | Note
-------+----------+-------------------------------------------
     0 | D:1      | galech the Ogre Fighter began the quest for the Orb.
     0 | D:1      | Reached XP level 1. HP: 24/24 MP: 1/1
   180 | D:1      | Reached XP level 2. HP: 25/33 MP: 2/2
   409 | D:1      | Reached XP level 3. HP: 31/41 MP: 3/3
   708 | D:2      | Reached skill level 5 in Fighting
  1061 | D:2      | Reached XP level 4. HP: 30/50 MP: 4/4
  1304 | D:2      | Found an ancient bone altar of Kikubaaqudgha.
  1305 | D:2      | Noticed a human
  1309 | D:2      | Killed a human
  2793 | D:4      | Reached XP level 5. HP: 33/57 MP: 5/5
  3229 | D:4      | Found a shimmering altar of Xom.
  3244 | D:4      | Reached skill level 5 in Maces & Flails
  3505 | D:4      | Reached XP level 6. HP: 35/66 MP: 6/6
  3831 | D:5      | Entered Level 5 of the Dungeon
  4232 | D:5      | Noticed galech's ghost (amateur OgFi)
  4262 | D:5      | Killed from afar by an orc priest

Skill      XL: |  1  2  3  4  5  6 |
---------------+-------------------+-----
Shields        | 3 |  3.3
Maces & Flails | 3 4 5 |  5.7
Dodging        | 3 4 |  4.0
Fighting       | 5 |  5.9
Stealth        | |  0.5

Action                   |  1- 3 |  4- 6 || total
-------------------------+-------+-------++-------
Melee: Flail             |    91 |   182 ||   273
  Use: Scroll            |       |     6 ||     6
       Potion            |       |     4 ||     4
  Eat: Chunk             |     6 |    14 ||    20
Armor: Robe              |    27 |    44 ||    71
Dodge: Dodged            |    27 |    90 ||   117
Block: Shield            |    33 |    92 ||   125
